 Dungeon Crawl Stone Soup version 0.29.0-4-gdea44cf6ec (webtiles) character file.

Game seed: 11052140257514271902

10463 qw the Blocker (level 11, -10/100 HPs)
             Began as a Troll Cinder Acolyte on Aug 31, 2022.
             Was a Follower of Ignis.
             Mangled by a fire dragon (13 damage)
             ... on level 10 of the Dungeon.
             The game lasted 00:04:45 (8345 turns).

qw the Blocker (Troll Cinder Acolyte)               Turns: 8345, Time: 00:04:46

Health: -10/100    AC: 11    Str: 28      XL:     11   Next: 36%
Magic:  10/10      EV:  7    Int: 10      God:    Ignis [*.....]
Gold:   225        SH: 18    Dex:  4 (5)  Spells: 12/12 levels left

rFire   + + .      SeeInvis .     - Unarmed
rCold   + . .      Faith    .   k - +0 tower shield
rNeg    . . .      Spirit   .   a - +0 robe
rPois   .          Reflect  .   (helmet restricted)
rElec   .          Harm     .   r - scarf {rC+ rF+}
rCorr   +          Rampage  .   (gloves unavailable)
Will    ++...                   (boots unavailable)
Stlth   +.........              (no amulet)
HPRegen 1.06/turn               l - ring of resist corrosion
MPRegen 0.12/turn               o - ring of willpower

@: about to teleport, fiery-armoured
A: large, unfitting armour, claws 3, regeneration 1, shaggy fur 1, tough skin 1,
large bone plates 1, deterioration 1, low MP 1, strong-willed 1
a: Renounce Religion, Fiery Armour, Foxfire Swarm, Rising Flame


You were on level 10 of the Dungeon.
You worshipped Ignis.
Ignis was aware of your devotion.
You visited 1 branch of the dungeon, and saw 10 of its levels.
You also visited: Sewer.

You collected 451 gold pieces.
You spent 226 gold pieces at shops.


Innate Abilities, Weirdness & Mutations

You are too large for most types of armour.
You have claws for hands.
Your natural rate of healing is unusually fast.
You are covered in fur. (AC +1)
You have tough skin. (AC +1)
You are partially covered in large bone plates. (SH +4)
Your body sometimes deteriorates upon taking damage.
Your magical capacity is low. (-10% MP)
You are strong-willed. (Will+)


   Skills:
 - Level 4.1 Fighting
 - Level 4.2 Throwing
 - Level 1.3 Dodging
 + Level 11.6 Shields
 - Level 11.4 Unarmed Combat
 - Level 1.0 Spellcasting
 - Level 2.1 Fire Magic


You had 12 spell levels left.
You didn't know any spells.
Your spell library contained the following spells:

 Spells                   Type           Power      Damage    Failure   Level
 Scorch                   Fire           8%         2d5       58%         2

Inventory:

Missiles
 b - 8 boomerangs
 e - 5 large rocks (quivered)
Armour
 a - a +0 robe (worn)
 d - +0 steam dragon scales
 k - a +0 tower shield (worn)
 m - a +2 cloak
 r - a scarf of resistance (worn)
 u - a +2 hat
Jewellery
 l - a ring of resist corrosion (left claw)
 o - a ring of willpower (right claw)
 p - a ring of resist corrosion
Scrolls
 i - 5 scrolls of identify
 s - 3 scrolls of enchant armour
Potions
 c - 2 potions of heal wounds
 g - a potion of mutation
 h - 8 potions of curing
 j - 2 potions of cancellation
 n - 2 potions of might
 q - a potion of resistance
 t - a potion of haste

Dungeon Overview and Level Annotations

Branches:
Dungeon (10/15)            Temple (0/1) D:5             Orc (0/2) D:9
  Sewer (visited)
   Lair: D:8-11

Altars:
Ashenzari
Dithmenos
Fedhas
Nemelex Xobeh
Qazlal
Ru
Uskayaw
Vehumet
Yredelemnul

Shops:
D:1 (   D:4 *   D:6 ?

Annotations:
D:8 2 runed translucent doors


Message History

The hornet is lightly wounded.
The quasit bites you but does no damage.
The quasit claws you but does no damage.
The quasit resists.
The quasit is burned by your cloak of flames.
The quasit is almost dead.
The quasit claws you but does no damage.
The quasit resists.
The quasit is burned by your cloak of flames.
The quasit is almost dead.
The kobold demonologist hits you but does no damage.
The kobold demonologist is burned by your cloak of flames.
The kobold demonologist is heavily wounded.
The kobold demonologist hits you but does no damage.
The kobold demonologist is burned by your cloak of flames.
The kobold demonologist is severely wounded.
The hornet stings you but does no damage.
The hornet is burned by your cloak of flames.
The hornet is moderately wounded.
The quasit bites you but does no damage.
The quasit claws you but does no damage.
The quasit resists.
The quasit is burned by your cloak of flames.
You kill the quasit!
The quasit disappears in a puff of smoke!
You can move again.
8345 ||| READING scroll of teleportation.
As you read the scroll of teleportation, it crumbles to dust.
You feel strangely unstable.
You feel yourself speed up. You block the hornet's attack.
The kobold demonologist hits you but does no damage.
The kobold demonologist is burned by your cloak of flames.
The kobold demonologist is severely wounded.
You block the iron imp's attack.
The kobold demonologist hits you but does no damage.
The kobold demonologist is burned by your cloak of flames.
The kobold demonologist is severely wounded.
The fire dragon bites you!
You die...

#.#
7.........777#.
..... #.#
####7%7####
##### 7.77
#7.7.7# #.777.#
#7.7.7# 7.77
##7'7##
..#K@y..#7.777#
#.'D58).)......
#..#..>).#777.7#
7. ##7'7## 7 7.7
7.7 .7.


7 7 You could see a fire dragon, a kobold demonologist, a hornet and an iron imp
(summoned).

Vanquished Creatures
  Erolcha (D:10)
  2 two-headed ogres (D:10)
  An ugly thing (D:10)
  Maurice (D:8)
  A gargoyle (D:10)
  An unseen horror (D:10)
  2 trolls (D:10)
  Sigmund (D:4)
  A shadow (D:9)
  3 wyverns
  14 yaks
  A steam dragon (D:10)
  A vampire mosquito (D:10)
  Edmund (D:4)
  A water moccasin (D:8)
  2 orc warriors
  2 black bears
  3 ice beasts
  7 centaurs
  A phantom (D:7)
  2 kobold brigands
  A bullfrog (Sewer)
  A gnoll sergeant (D:10)
  3 scorpions
  10 wights
  5 killer bees (D:9)
  9 howler monkeys
  A crimson imp (D:5)
  2 orc priests
  3 hounds
  3 jellies
  A gnoll bouda (D:8)
  2 iguanas
  11 orc wizards
  Robin (D:2)
  11 gnolls
  8 adders
  A river rat (D:4)
  A shadow imp (D:5)
  A white imp (D:5)
  An ufetubus (D:4)
  2 dart slugs
  A worm (D:3)
  23 orcs
  7 ball pythons
  3 endoplasms
  13 giant cockroaches
  14 goblins
  6 hobgoblins
  A jackal (D:4)
  7 quokkas
  A bat (D:3)
  13 frilled lizards
  12 kobolds
  7 rats
235 creatures vanquished.

Vanquished Creatures (others)
  3 plants (D:10)
3 creatures vanquished.

Grand Total: 238 creatures vanquished

Notes
Turn   | Place    | Note
-------+----------+-------------------------------------------
     0 | D:1      | qw the Troll Cinder Acolyte began the quest for the Orb.
     0 | D:1      | Reached XP level 1. HP: 22/22 MP: 1/1
     0 | D:1      | 0 ||| qw: Version: 0.1-a-97-g2dd2ca4
     0 | D:1      | 0 ||| qw: Game counter: 4595
     0 | D:1      | 0 ||| qw: Always use a shield: true
     0 | D:1      | 0 ||| qw: God list: Okawaru
     0 | D:1      | 0 ||| qw: Allow faded altars: false
     0 | D:1      | 0 ||| qw: Do Orc after D:15 true
     0 | D:1      | 0 ||| qw: Do second Lair branch before Depths: true
     0 | D:1      | 0 ||| qw: Lair rune preference: random
     0 | D:1      | 0 ||| qw: Plans: Normal
     0 | D:1      | 0 ||| PLANNING D:1-11
   203 | D:1      | Reached XP level 2. HP: 29/29 MP: 2/2
   542 | D:1      | Found Simmotemny's Weapon Shoppe.
   762 | D:1      | 762 ||| READING scroll labelled WOHO KOAQU.
   763 | D:1      | 763 ||| READING scroll labelled DIES BERHUSMO.
   764 | D:1      | 764 ||| READING 2 scrolls labelled REIL OT PUIJEE.
   765 | D:1      | 765 ||| READING scroll labelled NEL PYUGIFRIT.
   766 | D:1      | 766 ||| DROPPING scroll of noise.
   796 | D:2      | 796 ||| STAIRDANCE
   805 | D:2      | 805 ||| STAIRDANCE
   845 | D:2      | Reached XP level 3. HP: 28/36 MP: 3/3
   894 | D:2      | 894 ||| Stepping ~*~*~tactically~*~*~ (hiding).
   895 | D:2      | 895 ||| Stepping ~*~*~tactically~*~*~ (hiding).
  1123 | D:2      | 1123 ||| INVOKING Fiery Armour.
  1128 | D:2      | 1128 ||| Stepping ~*~*~tactically~*~*~ (outnumbered).
  1129 | D:2      | 1129 ||| Stepping ~*~*~tactically~*~*~ (outnumbered).
  1131 | D:2      | 1131 ||| Stepping ~*~*~tactically~*~*~ (outnumbered).
  1133 | D:2      | 1133 ||| Stepping ~*~*~tactically~*~*~ (outnumbered).
  1142 | D:2      | 1142 ||| Stepping ~*~*~tactically~*~*~ (outnumbered).
  1165 | D:2      | Noticed Robin
  1166 | D:2      | 1166 ||| Stepping ~*~*~tactically~*~*~ (stealth).
  1188 | D:2      | Killed Robin
  1189 | D:2      | Reached XP level 4. HP: 44/44 MP: 4/4
  1271 | D:2      | Found a faded altar of an unknown god.
  1413 | D:2      | 1413 ||| READING scroll labelled XUBRUA UQOTE.
  1414 | D:2      | 1414 ||| READING scroll labelled GATIAD JERER.
  1415 | D:2      | 1415 ||| DRINKING 3 cyan potions.
  1416 | D:2      | 1416 ||| DRINKING 3 murky red potions.
  1417 | D:2      | 1417 ||| Stepping randomly (stuck).
  1418 | D:2      | 1418 ||| Stepping ~*~*~tactically~*~*~ (cloud).
  1484 | D:3      | Found a blossoming altar of Fedhas.
  1538 | D:3      | Found a sacrificial altar of Ru.
  1548 | D:3      | 1548 ||| Stepping ~*~*~tactically~*~*~ (hiding).
  1616 | D:3      | 1616 ||| Stepping ~*~*~tactically~*~*~ (stealth).
  1685 | D:3      | 1685 ||| Stepping ~*~*~tactically~*~*~ (stealth).
  1693 | D:3      | Found a sparkling altar of Nemelex Xobeh.
  1712 | D:3      | 1712 ||| Stepping ~*~*~tactically~*~*~ (hiding).
  1878 | D:3      | Noticed a kobold brigand
  1903 | D:3      | Reached XP level 5. HP: 50/50 MP: 5/5
  1914 | D:3      | Noticed a +0 short sword
  1914 | D:3      | Noticed a +0 spear
  1914 | D:3      | Noticed a +0 dagger
  1915 | D:3      | Noticed a +0 dagger
  1915 | D:3      | Noticed a +0 falchion
  1915 | D:3      | Noticed a +0 spear
  1916 | D:3      | Noticed a +0 falchion
  1916 | D:3      | Noticed a +0 short sword
  1922 | D:3      | 1922 ||| Stepping randomly (stuck).
  1925 | D:3      | Found a hide-covered altar of Uskayaw.
  1929 | D:3      | 1929 ||| Stepping randomly (stuck).
  1930 | D:3      | 1930 ||| Stepping randomly (stuck).
  1931 | D:3      | 1931 ||| Stepping randomly (stuck).
  1932 | D:3      | 1932 ||| Stepping randomly (stuck).
  1933 | D:3      | 1933 ||| Stepping randomly (stuck).
  1934 | D:3      | 1934 ||| Stepping randomly (stuck).
  1935 | D:3      | 1935 ||| Stepping randomly (stuck).
  1936 | D:3      | 1936 ||| Stepping randomly (stuck).
  2016 | D:3      | 2016 ||| Stepping ~*~*~tactically~*~*~ (stealth).
  2055 | D:3      | 2055 ||| Stepping randomly (stuck).
  2057 | D:3      | 2057 ||| Stepping randomly (stuck).
  2086 | D:3      | Reached skill level 6 in Unarmed Combat
  2209 | D:3      | 2209 ||| Stepping ~*~*~tactically~*~*~ (stealth).
  2213 | D:3      | 2213 ||| INVOKING Fiery Armour.
  2218 | D:3      | 2218 ||| Stepping ~*~*~tactically~*~*~ (hiding).
  2224 | D:3      | Reached skill level 1 in Throwing
  2497 | D:3      | 2497 ||| UPGRADING to ring of resist corrosion.
  2498 | D:3      | 2498 ||| READING scroll labelled ILIG WETOODD.
  2501 | D:3      | 2501 ||| READING 2 scrolls of identify.
  2501 | D:3      | 2501 ||| IDENTIFYING fuming clear potion
  2502 | D:3      | 2502 ||| DROPPING potion of berserk rage.
  2526 | D:4      | 2526 ||| PLANNING SEWER
  2537 | D:4      | 2537 ||| Stepping ~*~*~tactically~*~*~ (outnumbered).
  2541 | D:4      | Reached XP level 6. HP: 59/59 MP: 6/6
  2581 | D:4      | 2581 ||| Stepping ~*~*~tactically~*~*~ (stealth).
  2582 | D:4      | 2582 ||| Stepping ~*~*~tactically~*~*~ (stealth).
  2679 | D:4      | Found a broken altar of Ashenzari.
  2849 | D:4      | Found Exonn's Specific Store.
  2850 | D:4      | Found Boits's General Store.
  2857 | D:4      | 2857 ||| BUYING potion of heal wounds (50 gold).
  2857 | D:4      | Bought a potion of heal wounds for 50 gold pieces
  2863 | D:4      | 2863 ||| SHOPLISTING potion of cancellation (112 gold, have
                  | 100).
  2863 | D:4      | 2863 ||| BUYING potion of curing (42 gold).
  2863 | D:4      | Bought a potion of curing for 42 gold pieces
  2863 | D:4      | 2863 ||| BUYING potion of might (56 gold).
  2863 | D:4      | Bought a potion of might for 56 gold pieces
  2863 | D:4      | 2863 ||| SHOPLISTING potion of mutation (112 gold, have 2).
  2863 | D:4      | 2863 ||| SHOPLISTING scroll of teleportation (42 gold, have
                  | 2).
  2960 | D:4      | Found a glowing drain.
  2961 | D:4      | 2961 ||| DRINKING 2 purple potions.
  2962 | D:4      | 2962 ||| READING 2 scrolls of identify.
  2962 | D:4      | 2962 ||| IDENTIFYING bubbling dark potion
  2963 | D:4      | 2963 ||| DROPPING potion of attraction.
  2964 | D:4      | 2964 ||| DROPPING potion of ambrosia.
  2968 | Sewer    | Entered a sewer
  3000 | Sewer    | 3000 ||| Stepping ~*~*~tactically~*~*~ (outnumbered).
  3001 | Sewer    | 3001 ||| Stepping ~*~*~tactically~*~*~ (outnumbered).
  3423 | D:4      | 3423 ||| PLANNING D:1-11
  3516 | D:4      | Noticed Sigmund
  3522 | D:4      | Noticed Edmund
  3530 | D:4      | 3530 ||| INVOKING Fiery Armour.
  3531 | D:4      | HP: 10/59 [Edmund/+2 flail of protection (9)]
  3532 | D:4      | 3532 ||| READING scroll of teleportation.
  3533 | D:4      | 3533 ||| DRINKING 3 potions of heal wounds.
  3533 | D:4      | Killed Sigmund
  3534 | D:4      | Reached XP level 7. HP: 25/66 MP: 7/7
  3534 | D:4      | Killed Edmund
  3535 | D:4      | Reached skill level 3 in Fighting
  3909 | D:5      | Entered Level 5 of the Dungeon
  3912 | D:5      | 3912 ||| STAIRDANCE
  3932 | D:5      | Found a stormy altar of Qazlal.
  3974 | D:5      | Identified the +4 whip of Ru's Condemnation {vorpal, Int+2
                  | SInv}
  4045 | D:5      | Reached skill level 3 in Throwing
  4098 | D:5      | 4098 ||| Stepping ~*~*~tactically~*~*~ (stealth).
  4099 | D:5      | 4099 ||| Stepping ~*~*~tactically~*~*~ (stealth).
  4102 | D:5      | 4102 ||| INVOKING Fiery Armour.
  4106 | D:5      | 4106 ||| Stepping ~*~*~tactically~*~*~ (outnumbered).
  4115 | D:5      | 4115 ||| FLEEEEING.
  4116 | D:5      | 4116 ||| FLEEEEING.
  4117 | D:5      | 4117 ||| FLEEEEING.
  4118 | D:5      | 4118 ||| FLEEEEING.
  4119 | D:5      | 4119 ||| FLEEEEING.
  4120 | D:5      | 4120 ||| FLEEEEING.
  4121 | D:5      | 4121 ||| FLEEEEING.
  4122 | D:5      | 4122 ||| FLEEEEING.
  4123 | D:5      | 4123 ||| FLEEEEING.
  4124 | D:5      | 4124 ||| FLEEEEING.
  4125 | D:5      | 4125 ||| FLEEEEING.
  4126 | D:5      | 4126 ||| FLEEEEING.
  4127 | D:5      | 4127 ||| FLEEEEING.
  4128 | D:5      | 4128 ||| FLEEEEING.
  4129 | D:5      | 4129 ||| FLEEEEING.
  4130 | D:5      | 4130 ||| FLEEEEING.
  4131 | D:5      | 4131 ||| FLEEEEING.
  4132 | D:5      | 4132 ||| FLEEEEING.
  4133 | D:5      | 4133 ||| FLEEEEING.
  4134 | D:5      | 4134 ||| FLEEEEING.
  4218 | D:5      | 4218 ||| Stepping ~*~*~tactically~*~*~ (hiding).
  4324 | D:5      | Found a staircase to the Ecumenical Temple.
  4505 | D:5      | 4505 ||| UPGRADING to +0 kite shield.
  4510 | D:5      | 4510 ||| UPGRADING to ring of willpower.
  4511 | D:5      | 4511 ||| READING scroll labelled VAIGAO JAEMOGE.
  4512 | D:5      | 4512 ||| DRINKING 3 fizzy puce potions.
  4512 | D:5      | Gained mutation: You are clumsy. (Dex -2) [potion of
                  | mutation]
  4512 | D:5      | Gained mutation: You occasionally lose the ability to drink
                  | potions when taking damage. [potion of mutation]
  4512 | D:5      | Lost mutation: You are clumsy. (Dex -2) [potion of
                  | mutation]
  4513 | D:5      | 4513 ||| DRINKING 2 potions of mutation.
  4513 | D:5      | Lost mutation: You occasionally lose the ability to drink
                  | potions when taking damage. [potion of mutation]
  4513 | D:5      | Gained mutation: You occasionally lose the ability to read
                  | scrolls when taking damage. [potion of mutation]
  4513 | D:5      | Gained mutation: You have hidden genetic potential. [potion
                  | of mutation]
  4514 | D:5      | 4514 ||| DRINKING potion of mutation.
  4514 | D:5      | Lost mutation: You have hidden genetic potential. [potion
                  | of mutation]
  4514 | D:5      | Lost mutation: You occasionally lose the ability to read
                  | scrolls when taking damage. [potion of mutation]
  4514 | D:5      | Gained mutation: You occasionally lose the ability to read
                  | scrolls when taking damage. [potion of mutation]
  4514 | D:5      | Gained mutation: Your magical capacity is low. (-10% MP)
                  | [potion of mutation]
  4514 | D:5      | Gained mutation: Your magical capacity is very low. (-20%
                  | MP) [potion of mutation]
  4543 | D:6      | 4543 ||| Stepping ~*~*~tactically~*~*~ (hiding).
  4545 | D:6      | 4545 ||| INVOKING Fiery Armour.
  4548 | D:6      | Reached XP level 8. HP: 74/75 MP: 6/6
  4549 | D:6      | 4549 ||| Stepping ~*~*~tactically~*~*~ (outnumbered).
  4550 | D:6      | 4550 ||| Stepping ~*~*~tactically~*~*~ (outnumbered).
  4551 | D:6      | 4551 ||| STAIRDANCE
  4554 | D:5      | Reached skill level 1 in Shields
  4574 | D:6      | 4574 ||| STAIRDANCE
  4601 | D:6      | 4601 ||| STAIRDANCE
  4607 | D:5      | Reached skill level 3 in Shields
  4664 | D:6      | 4664 ||| STAIRDANCE
  4666 | D:5      | 4666 ||| Stepping ~*~*~tactically~*~*~ (outnumbered).
  4667 | D:5      | 4667 ||| Stepping ~*~*~tactically~*~*~ (outnumbered).
  4668 | D:5      | 4668 ||| Stepping ~*~*~tactically~*~*~ (outnumbered).
  4996 | D:6      | 4996 ||| Stepping ~*~*~tactically~*~*~ (stealth).
  5003 | D:6      | 5003 ||| Stepping ~*~*~tactically~*~*~ (stealth).
  5029 | D:6      | Identified the +4 flail of the Heavens {venom, Fragile
                  | rC+++ Will+ Int-3}
  5059 | D:6      | Found Daw Igix's Magic Scroll Shoppe.
  5063 | D:6      | 5063 ||| BUYING scroll of identify (26 gold).
  5063 | D:6      | Bought a scroll of identify for 26 gold pieces
  5063 | D:6      | 5063 ||| BUYING scroll of identify (26 gold).
  5063 | D:6      | Bought a scroll of identify for 26 gold pieces
  5063 | D:6      | 5063 ||| BUYING scroll of identify (26 gold).
  5063 | D:6      | Bought a scroll of identify for 26 gold pieces
  5063 | D:6      | 5063 ||| SHOPLISTING scroll of teleportation (39 gold, have
                  | 23).
  5282 | D:6      | 5282 ||| READING scroll labelled TYN ZUNI ZIUMI.
  5318 | D:6      | 5318 ||| DRINKING 2 grey potions.
  5319 | D:6      | 5319 ||| DRINKING 2 metallic coppery potions.
  5361 | D:6      | 5361 ||| DRINKING 2 orange potions.
  5362 | D:6      | 5362 ||| READING 6 scrolls of identify.
  5362 | D:6      | 5362 ||| IDENTIFYING metallic green potion
  5363 | D:6      | 5363 ||| READING 5 scrolls of identify.
  5363 | D:6      | 5363 ||| IDENTIFYING red potion
  5364 | D:6      | 5364 ||| DROPPING potion of degeneration.
  5365 | D:6      | 5365 ||| DROPPING potion of flight.
  5366 | D:6      | 5366 ||| DROPPING potion of lignification.
  5367 | D:6      | 5367 ||| DROPPING potion of magic.
  5368 | D:6      | 5368 ||| DROPPING potion of brilliance.
  5459 | D:7      | Reached skill level 6 in Shields
  5583 | D:7      | 5583 ||| DRINKING 2 potions of mutation.
  5583 | D:7      | Lost mutation: You occasionally lose the ability to read
                  | scrolls when taking damage. [potion of mutation]
  5583 | D:7      | Lost mutation: Your magical capacity is very low. (-20% MP)
                  | [potion of mutation]
  5583 | D:7      | Gained mutation: You are strong-willed. (Will+) [potion of
                  | mutation]
  5583 | D:7      | Gained mutation: Your body sometimes deteriorates upon
                  | taking damage. [potion of mutation]
  5583 | D:7      | Gained mutation: You are partially covered in large bone
                  | plates. (SH +4) [potion of mutation]
  5605 | D:7      | 5605 ||| Stepping ~*~*~tactically~*~*~ (stealth).
  5613 | D:7      | 5613 ||| Stepping ~*~*~tactically~*~*~ (outnumbered).
  5616 | D:7      | 5616 ||| Stepping ~*~*~tactically~*~*~ (outnumbered).
  5617 | D:7      | 5617 ||| Stepping ~*~*~tactically~*~*~ (outnumbered).
  5618 | D:7      | 5618 ||| Stepping ~*~*~tactically~*~*~ (outnumbered).
  5621 | D:7      | Reached skill level 9 in Unarmed Combat
  5650 | D:7      | Reached XP level 9. HP: 78/83 MP: 8/8
  5889 | D:7      | 5889 ||| DRINKING 2 viscous ruby potions.
  5903 | D:8      | 5903 ||| Stepping ~*~*~tactically~*~*~ (hiding).
  5904 | D:8      | 5904 ||| Stepping ~*~*~tactically~*~*~ (hiding).
  5905 | D:8      | 5905 ||| Stepping ~*~*~tactically~*~*~ (hiding).
  5909 | D:8      | 5909 ||| INVOKING Fiery Armour.
  6008 | D:8      | Reached skill level 1 in Dodging
  6055 | D:8      | Found a large runed translucent door.
  6056 | D:8      | Found a large runed translucent door.
  6122 | D:8      | 6122 ||| Stepping ~*~*~tactically~*~*~ (hiding).
  6171 | D:8      | 6171 ||| Stepping ~*~*~tactically~*~*~ (outnumbered).
  6173 | D:8      | 6173 ||| Stepping ~*~*~tactically~*~*~ (outnumbered).
  6176 | D:8      | 6176 ||| Stepping ~*~*~tactically~*~*~ (outnumbered).
  6177 | D:8      | 6177 ||| Stepping ~*~*~tactically~*~*~ (outnumbered).
  6178 | D:8      | 6178 ||| Stepping ~*~*~tactically~*~*~ (outnumbered).
  6179 | D:8      | 6179 ||| Stepping ~*~*~tactically~*~*~ (outnumbered).
  6180 | D:8      | 6180 ||| Stepping ~*~*~tactically~*~*~ (outnumbered).
  6181 | D:8      | 6181 ||| Stepping ~*~*~tactically~*~*~ (outnumbered).
  6182 | D:8      | 6182 ||| Stepping ~*~*~tactically~*~*~ (outnumbered).
  6184 | D:8      | 6184 ||| Stepping ~*~*~tactically~*~*~ (outnumbered).
  6185 | D:8      | 6185 ||| Stepping ~*~*~tactically~*~*~ (outnumbered).
  6187 | D:8      | 6187 ||| Stepping ~*~*~tactically~*~*~ (outnumbered).
  6189 | D:8      | 6189 ||| Stepping ~*~*~tactically~*~*~ (outnumbered).
  6281 | D:8      | Found a radiant altar of Vehumet.
  6296 | D:8      | 6296 ||| Stepping ~*~*~tactically~*~*~ (stealth).
  6299 | D:8      | 6299 ||| Stepping ~*~*~tactically~*~*~ (outnumbered).
  6301 | D:8      | 6301 ||| Stepping ~*~*~tactically~*~*~ (outnumbered).
  6302 | D:8      | 6302 ||| Stepping ~*~*~tactically~*~*~ (outnumbered).
  6337 | D:8      | 6337 ||| Stepping ~*~*~tactically~*~*~ (stealth).
  6338 | D:8      | 6338 ||| Stepping ~*~*~tactically~*~*~ (hiding).
  6339 | D:8      | 6339 ||| Stepping ~*~*~tactically~*~*~ (hiding).
  6350 | D:8      | 6350 ||| Stepping ~*~*~tactically~*~*~ (outnumbered).
  6351 | D:8      | 6351 ||| Stepping ~*~*~tactically~*~*~ (outnumbered).
  6352 | D:8      | 6352 ||| Stepping ~*~*~tactically~*~*~ (outnumbered).
  6353 | D:8      | 6353 ||| Stepping ~*~*~tactically~*~*~ (outnumbered).
  6389 | D:8      | Noticed Maurice
  6390 | D:8      | 6390 ||| Stepping ~*~*~tactically~*~*~ (hiding).
  6396 | D:8      | Killed Maurice
  6469 | D:8      | 6469 ||| Stepping ~*~*~tactically~*~*~ (stealth).
  6470 | D:8      | 6470 ||| Stepping ~*~*~tactically~*~*~ (stealth).
  6595 | D:8      | Reached XP level 10. HP: 92/92 MP: 9/9
  6754 | D:8      | 6754 ||| UPGRADING to +2 cloak.
  6759 | D:8      | 6759 ||| UPGRADING to scarf of resistance.
  6769 | D:8      | 6769 ||| READING 2 scrolls labelled VIEVAT DOSKO.
  6770 | D:8      | 6770 ||| READING 5 scrolls of identify.
  6770 | D:8      | 6770 ||| IDENTIFYING metallic clear potion
  6848 | D:9      | 6848 ||| Stepping ~*~*~tactically~*~*~ (outnumbered).
  6878 | D:9      | 6878 ||| Stepping ~*~*~tactically~*~*~ (stealth).
  6880 | D:9      | 6880 ||| Stepping ~*~*~tactically~*~*~ (hiding).
  6992 | D:9      | 6992 ||| Stepping ~*~*~tactically~*~*~ (stealth).
  7003 | D:9      | 7003 ||| INVOKING Fiery Armour.
  7097 | D:9      | Found a staircase to the Orcish Mines.
  7187 | D:9      | 7187 ||| Stepping ~*~*~tactically~*~*~ (stealth).
  7226 | D:9      | 7226 ||| Stepping ~*~*~tactically~*~*~ (stealth).
  7228 | D:9      | 7228 ||| Stepping ~*~*~tactically~*~*~ (stealth).
  7233 | D:9      | 7233 ||| INVOKING Fiery Armour.
  7263 | D:9      | Reached skill level 9 in Shields
  7303 | D:9      | Identified the +1 long sword "Uschyom" {vamp, rC+ Str+3}
  7305 | D:9      | Found a shadowy altar of Dithmenos.
  7439 | D:9      | 7439 ||| Stepping ~*~*~tactically~*~*~ (stealth).
  7602 | D:9      | 7602 ||| UPGRADING to +0 tower shield.
  7612 | D:9      | 7612 ||| DROPPING +0 kite shield.
  7613 | D:9      | 7613 ||| READING scroll labelled GUANOSOMIUZ.
  7641 | D:10     | Entered Level 10 of the Dungeon
  7653 | D:10     | Found a basalt altar of Yredelemnul.
  7656 | D:10     | Noticed Erolcha
  7657 | D:10     | 7657 ||| INVOKING Fiery Armour.
  7669 | D:10     | Killed Erolcha
  7762 | D:10     | Noticed a gargoyle
  7776 | D:10     | Killed a gargoyle
  7778 | D:10     | 7778 ||| Stepping ~*~*~tactically~*~*~ (hiding).
  7780 | D:10     | Noticed a two-headed ogre
  7787 | D:10     | Noticed a two-headed ogre
  7788 | D:10     | 7788 ||| INVOKING Fiery Armour.
  7792 | D:10     | Killed a two-headed ogre
  7793 | D:10     | Reached XP level 11. HP: 58/100 MP: 10/10
  7796 | D:10     | HP: 10/100 [two-headed ogre/+0 giant club (19)]
  7797 | D:10     | 7797 ||| READING 2 scrolls of teleportation.
  7798 | D:10     | 7798 ||| DRINKING 5 potions of heal wounds.
  7799 | D:10     | 7799 ||| DRINKING 4 potions of heal wounds.
  7800 | D:10     | 7800 ||| DRINKING 3 potions of heal wounds.
  7880 | D:10     | Killed a two-headed ogre
  7888 | D:10     | Noticed a purple ugly thing
  7893 | D:10     | Killed a purple ugly thing
  7918 | D:10     | 7918 ||| Stepping ~*~*~tactically~*~*~ (stealth).
  8057 | D:10     | 8057 ||| Stepping ~*~*~tactically~*~*~ (hiding).
  8175 | D:10     | 8175 ||| Stepping ~*~*~tactically~*~*~ (hiding).
  8207 | D:10     | 8207 ||| Stepping ~*~*~tactically~*~*~ (stealth).
  8229 | D:10     | 8229 ||| INVOKING Fiery Armour.
  8326 | D:10     | 8326 ||| Stepping ~*~*~tactically~*~*~ (stealth).
  8336 | D:10     | Noticed a sixfirhy
  8338 | D:10     | Noticed a wizard
  8340 | D:10     | 8340 ||| INVOKING Fiery Armour.
  8341 | D:10     | Noticed a fire dragon
  8342 | D:10     | HP: 25/100 [sixfirhy[a kobold demonologist] (8)]
  8342 | D:10     | HP: 7/100 [hornet (7)]
  8342 | D:10     | Paralysed by a hornet for 3 turns
  8344 | D:10     | HP: 1/100 [hornet (8)]
  8345 | D:10     | 8345 ||| READING scroll of teleportation.
  8345 | D:10     | Mangled by a fire dragon

Levels and vault maps discovered:
D:1:      minmay_arrival_four_loops, layout_basic, serial_shops,
          nicolae_shop_bloodbath_and_beyond, chequers_decorated_corner
D:2:      layout_rooms, hellmonk_ecumenical_altar_leap_of_faith, uniq_robin
D:3:      cheibrodos_thug_alley, layout_loops_ring, nemelex_spade_bored_becter,
          nicolae_uskayaw_en_pointe, fedhas_altar_4, nicolae_ru_awakened_eye
D:4:      layout_basic, ashenzari_conservatory_becter, gup_sewer_entry_bowl,
          nicolae_specific_store, sigmund_edmund_badplayer
D:5:      layout_gridville, mainiacjoe_overflow_cross_hatched, temple_statues,
          minmay_splitting_lines, minmay_fire_ice_demons
D:6:      layout_loops_cross, serial_shops, shop
D:7:      layout_cave_pools, kennysheep_generic_room_15
D:8:      layout_cave_pools, mainiacjoe_overflow_chevrons,
          jmf_multi_god_temple2, uniq_maurice
D:9:      layout_basic, mainiacjoe_overflow_catwalk, orc_0_dummy
D:10:     nzn_winding_woodlands_stair_cross [nzn_winding_woodlands_5x15_eye,
          nzn_winding_woodlands_center_lodge,
          nzn_winding_woodlands_5x15_pathside_ponds,
          nzn_winding_woodlands_5x5_closed_star,
          nzn_winding_woodlands_5x5_cross, nzn_winding_woodlands_5x15_twine,
          nzn_winding_woodlands_center_diamonds,
          nzn_winding_woodlands_5x15_parted], layout_basic, slow_altar_2,
          yredelemnul_altar_generic, minmay_misc_feat_encased, billiards_dpeg,
          uniq_erolcha

Skill      XL: |  1  2  3  4  5  6  7  8  9 10 11 |
---------------+----------------------------------+-----
Unarmed Combat | 4 5 6 8 9 10 11 | 11.4
Throwing       | 1 2 3 4 |  4.2
Fighting       | 3 4 |  4.1
Shields        | 6 8 10 11 | 11.6
Dodging        | 1 |  1.3
Spellcasting   | |  1.0
Fire Magic     | |  2.1

Action                   |  1- 3 |  4- 6 |  7- 9 | 10-12 || total
-------------------------+-------+-------+-------+-------++-------
Melee: Unarmed           |    97 |   146 |   170 |   195 ||   608
       Punch             |       |     7 |       |       ||     7
Throw: Large rock        |       |    18 |    32 |    17 ||    67
       Boomerang         |       |    23 |       |       ||    23
Invok: Fiery Armour      |     1 |     2 |     3 |     6 ||    12
  Use: Scroll            |     4 |     6 |     4 |     5 ||    19
       Potion            |       |     4 |     8 |     3 ||    15
Armor: Robe              |    24 |    31 |    55 |    78 ||   188
Dodge: Dodged            |    32 |    46 |    51 |    44 ||   173
Block: Kite shield       |       |       |    90 |    41 ||   131
       Tower shield      |       |       |       |   134 ||   134

Table legend:
 A = Non-vault XP
 B = Vault XP
 C = Vault XP percentage of total XP
 D = Non-vault monster count
 E = Vault monster count
 F = Vault count percentage of total count
                 A         B        C        D         E       F
            +---------+---------+-------+---------+---------+-------
      Total |    9637 |    5311 |  35.5 |     165 |      70 |  29.8
            +---------+---------+-------+---------+---------+-------
        D:1 |      29 |       0 |   0.0 |      17 |       0 |   0.0
        D:2 |      43 |      34 |  44.2 |      11 |      11 |  50.0
        D:3 |     156 |     106 |  40.5 |      22 |       6 |  21.4
        D:4 |     209 |     390 |  65.1 |      15 |       6 |  28.6
        D:5 |     819 |      56 |   6.4 |      22 |       2 |   8.3
        D:6 |     488 |       0 |   0.0 |      10 |       0 |   0.0
        D:7 |     379 |      42 |  10.0 |       8 |       1 |  11.1
        D:8 |    2173 |     480 |  18.1 |      25 |       1 |   3.8
        D:9 |    3386 |       0 |   0.0 |      29 |       0 |   0.0
       D:10 |    1955 |    4047 |  67.4 |       6 |      17 |  73.9
      Sewer |       0 |     156 | 100.0 |       0 |      26 | 100.0
            +---------+---------+-------+---------+---------+-------
